 Dungeon Crawl Stone Soup version 0.22.1-1-ga44c0e56f4 (webtiles) character file.

88038 Nixze the Eclecticist (level 15, -4/89 HPs)
             Began as a Deep Elf Ice Elementalist on Nov 2, 2018.
             Was a High Priest of Vehumet.
             Killed from afar by a fire dragon (39 damage)
             ... with a blast of flame
             ... on level 15 of the Dungeon.
             The game lasted 03:03:02 (45937 turns).

Nixze the Eclecticist (Deep Elf Ice Elementalist)  Turns: 45937, Time: 03:03:03

Health: -4/89      AC: 14    Str:  5    XL:     15   Next: 45%
Magic:  16/36      EV: 20    Int: 27    God:    Vehumet [*****.]
Gold:   1342       SH:  7    Dex: 15    Spells: 8/45 levels left

rFire    . . .     SeeInvis +   G - +2 morningstar (holy)
rCold    . . .     Gourm    .   D - +2 buckler
rNeg     . . .     Faith    .   I - +1 steam dragon scales
rPois    +         Spirit   .   W - +1 hat
rElec    .         Reflect  .   y - +2 cloak of the Thief {+Fog Slay-2 SInv Stlth+}
rCorr    .         Harm     .   o - +1 pair of gloves
MR       +....                  s - +1 pair of boots
Stlth    +++++.....             z - amulet of the acrobat
HPRegen  0.24/turn              j - ring of poison resistance
MPRegen  0.25/turn              T - ring of wizardry

@: no status effects
A: no striking features
a: Renounce Religion, Evoke Fog


You were on level 15 of the Dungeon.
You worshipped Vehumet.
Vehumet was extremely pleased with you.
You were very hungry.

You visited 3 branches of the dungeon, and saw 22 of its levels.
You also visited: Labyrinth.

You collected 2000 gold pieces.
You spent 658 gold pieces at shops.

Inventory:

Hand Weapons
 G - a +2 morningstar of holy wrath (weapon)
Armour
 o - a +1 pair of gloves (worn)
 s - a +1 pair of boots (worn)
 y - the +2 cloak of the Thief (worn) {+Fog Slay-2 SInv Stlth+}
   (You bought it in a shop on level 6 of the Dungeon)

   It affects your accuracy and damage with ranged weapons and melee attacks
   (-2).
   It lets you see invisible.
   It makes you more stealthy.
 D - a +2 buckler (worn)
 I - +1 steam dragon scales (worn)
 W - a +1 hat (worn)
Magical Staves
 V - an uncursed staff of summoning
Jewellery
 j - a ring of poison resistance (left hand)
 v - an uncursed ring of resist corrosion
 z - an amulet of the acrobat (around neck)
 J - a ring of Tusmire {Slay+3 SInv Stlth+}
   (You found it on level 2 of the Lair of Beasts)

   [ring of stealth]

   It affects your accuracy and damage with ranged weapons and melee attacks
   (+3).
   It lets you see invisible.
   It makes you more stealthy.
 L - an uncursed ring of positive energy
 S - an uncursed ring of protection from magic
 T - a ring of wizardry (right hand)
 Z - an uncursed amulet of harm
Wands
 i - a wand of iceblast (32)
 r - a wand of digging (13)
 t - a wand of flame (124)
 u - a wand of acid (32)
 w - a wand of enslavement (16)
 F - a wand of polymorph (37)
 N - a wand of disintegration (8)
Scrolls
 f - 15 scrolls of remove curse
 g - a scroll of enchant armour
 k - 3 scrolls of immolation
 l - 7 scrolls of fog
 m - 6 scrolls of fear
 A - 2 scrolls of blinking
 B - a scroll of enchant weapon
 C - 11 scrolls of identify
 K - 5 scrolls of teleportation
 O - a scroll of magic mapping
 Y - a scroll of holy word
Potions
 a - 2 potions of lignification
 b - 2 potions of agility
 d - 2 potions of ambrosia
 e - 3 potions of mutation
 h - 2 potions of curing
 n - a potion of might
 p - a potion of cancellation
 q - 3 potions of flight
 H - 2 potions of resistance
Comestibles
 c - 20 rations


   Skills:
 + Level 8.5 Fighting
 + Level 11.9 Dodging
 - Level 8.0 Stealth
 - Level 4.0 Shields
 + Level 15.7 Spellcasting
 + Level 12.2 Conjurations
 - Level 10.0 Charms
 - Level 3.0 Summonings
 + Level 11.9 Fire Magic
 - Level 10.0 Ice Magic
 - Level 3.0 Air Magic


You had 8 spell levels left.
You knew the following spells:

 Your Spells              Type           Power        Failure   Level  Hunger
a - Freeze                Ice            ####         1%          1    None
b - Throw Frost           Conj/Ice       ######       1%          2    None
c - Summon Ice Beast      Ice/Summ       ######..     1%          4    None
d - Throw Icicle          Conj/Ice       ######..     1%          4    None
f - Deflect Missiles      Chrm/Air       ######....   11%         6    ####...
h - Flame Tongue          Conj/Fire      #####        0%          1    None
i - Sticky Flame          Conj/Fire      ######..     1%          4    None
j - Fireball              Conj/Fire      ######....   1%          5    None
k - Venom Bolt            Conj/Pois      ######....   1%          5    None
l - Bolt of Magma         Conj/Fire/Erth ######....   1%          5    None

Your spell library contained the following spells:

 Spells                   Type           Power        Failure   Level  Hunger
 Fulminant Prism          Conj/Hex       ######....   1%          4    None
 Magic Dart               Conj           ####         0%          1    None
 Sandblast                Erth           ###...       1%          1    None
 Summon Small Mammal      Summ           ####         1%          1    None
 Blink                    Tloc           N/A          1%          2    None
 Call Imp                 Summ           #####...     1%          2    None
 Passwall                 Tmut/Erth      ###.....     1%          2    None
 Slow                     Hex            ###.....     1%          2    None
 Throw Flame              Conj/Fire      ######       1%          2    None
 Call Canine Familiar     Summ           #####...     1%          3    None
 Conjure Flame            Conj/Fire      ######..     1%          3    None
 Inner Flame              Hex/Fire       ######..     1%          3    None
 Mephitic Cloud           Conj/Pois/Air  #####...     1%          3    None
 Ozocubu's Armour         Chrm/Ice       ######..     1%          3    None
 Stone Arrow              Conj/Erth      ######       1%          3    None
 Summon Guardian Golem    Hex/Summ       ####....     1%          3    None
 Summon Lightning Spire   Summ/Air       #####...     2%          4    None
 Iron Shot                Conj/Erth      ######....   3%          6    ####...
 Lee's Rapid Deconstruct  Erth           ###.......   8%          5    None
 Yara's Violent Unravell  Hex/Tmut       ###.......   8%          5    None
 Cause Fear               Hex            ###.......   10%         4    None
 Leda's Liquefaction      Hex/Erth       ###.......   10%         4    None
 Petrify                  Tmut/Erth      ###.....     10%         4    None
 Silence                  Hex/Air        ####......   14%         5    None
 Statue Form              Tmut/Erth      ###......    78%         6    ####...
 Discord                  Hex            ###.......   100%        8    #######
 Shatter                  Erth           ###.......   100%        9    #######


Dungeon Overview and Level Annotations

Branches:
Dungeon (15/15)            Temple (1/1) D:7            Lair (6/6) D:11
  Swamp (0/4) Lair:2        Snake (0/4) Lair:3        Slime (0/5) Lair:5
    Orc (0/2) D:12         Vaults (0/5) D:13         Depths (0/5) D:15

Altars:
Ashenzari
Cheibriados
Dithmenos
Elyvilon
Fedhas
Gozag
Hepliaklqana
Kikubaaqudgha
Makhleb
Nemelex Xobeh
Okawaru
Qazlal
Ru
Sif Muna
Trog
Uskayaw
Vehumet
Wu Jian
Xom
Yredelemnul
Zin
The Shining One

Shops:
D:6 [   D:13 *

Portals:
Trove: D:14 (give +8 demon blade)

Annotations:
Lair:1 exclusion: oklob plant


Message History

Your ice beast hits the fire dragon.
Your ice beast freezes the fire dragon!
The fire dragon is frozen!
The fire dragon bites your ice beast.
The fire dragon barely misses your ice beast.
The fire dragon tramples your ice beast!
Your ice beast holds its ground!
Casting: Throw Frost (safe; 1% risk of failure)
Confirm with . or Enter, or press ? or * to list all spells.
Aiming: Throw Frost (safe; 1% risk of failure)
Press: ? - help, Shift-Dir - straight line, f/p - fire dragon
Aim: a fire dragon (almost dead, catching its breath)
The puff of frost hits your ice beast.
Your ice beast completely resists.
Your ice beast is moderately wounded.
Your ice beast hits the fire dragon but does no damage.
The fire dragon breathes flames at your ice beast.
The blast of flame hits your ice beast.
Your ice beast melts!
Your ice beast dies!
The blast of flame hits you!
You die...

.#.####.#.#.#.(.(###..##..##.....
.....#......#..##.#'#.#.#..#.#.#.
.#..#'#.##..#.)#.#.#...##.##.....
#....#......#...##.+#.....##..#..
....#+#..##.#......##.#.#.##.....
.....#......##......##+#'###.#.#.
#.#.########+########.#.#.##.....
+#+## #......#......##..#.#
#.##@Y#'#.).#.##.....
#.#.#..#.......#.#.#.
#.D##.#+#.#...##.....
#...D..#......##..#.. #
#.#.#.#####.####.....
+.##'#+###########.#.#.
#..#Y#.##≈≈§§≈≈##..)..
#......##!$|§.≈##..#).
+#.⌠P...#.#..:§##.....


You could see a fire dragon (unaware) and a friendly ice beast.

Vanquished Creatures
  Gastronok (Lair:1)
  Kirke (D:13)
  A stone giant (D:15)
  Nessos (Lair:4)
  A fire dragon (D:15)
  A yaktaur captain (D:15)
  A vault guard (D:13)
  5 hydras
  2 catoblepae
  A centaur warrior (D:13)
  A merfolk avatar (Lair:6)
  7 two-headed ogres
  2 ogre magi (D:15)
  A deep elf knight (D:15)
  2 sea snakes
  2 unseen horrors
  2 wizards (D:13)
  2 harpies (Lair:6)
  A deep troll (D:15)
  An orc knight (D:15)
  A wolf spider zombie (D:15)
  A necromancer (D:13)
  13 ugly things
  6 oklob plants
  A cyclops (D:15)
  3 manticores
  4 centaur zombies
  18 elephants
  2 black mambas
  5 centaur skeletons
  2 gargoyles
  16 komodo dragons
  5 rime drakes
  12 spiny frogs
  2 yaktaurs (D:13)
  2 freezing wraiths (D:15)
  A kobold demonologist (D:15)
  An efreet (D:14)
  2 ice devils (Lair:3)
  A troll (D:11)
  8 polar bears
  4 blink frogs (Lair:6)
  5 hornets
  7 slime creatures
  9 hippogriffs
  A vampire (D:12)
  A shadow (D:15)
  6 wyverns
  17 humans
  2 hogs (D:13)
  A wraith (D:15)
  2 steam dragons
  8 yaks
  3 basilisks
  2 vampire mosquitoes (D:15)
  2 nagas (Lair:3)
  3 two-headed ogre zombies (D:12)
  An acid dragon (D:15)
  A swamp worm (Lair:2)
  11 water moccasins
  4 porcupines
  4 orc warriors
  An eye of draining (D:15)
  2 sky beasts
  8 ogres
  A black bear (D:9)
  4 phantoms
  9 centaurs
  4 wolves (Lair:6)
  9 crocodiles
  A big kobold (D:10)
  15 bullfrogs
  A wyvern zombie (D:11)
  A wyvern skeleton (D:14)
  5 scorpions
  2 troll zombies (D:12)
  18 killer bees
  A wight (D:15)
  3 electric eels
  A howler monkey (D:10)
  5 crimson imps
  5 jellies
  2 bullfrog skeletons
  3 hounds
  6 orc wizards
  3 iguanas
  12 worker ants
  3 ogre zombies (D:12)
  2 hound zombies (D:6)
  2 hound skeletons
  A gnoll (D:6)
  9 adders
  A shadow imp (D:13)
  An adder skeleton (D:8)
  3 worms
  2 dart slugs
  28 orcs
  6 giant cockroaches
  10 hobgoblins
  6 jackals
  4 quokkas
  A ball python (D:1)
  7 bats
  7 frilled lizards
  4 goblins
  2 goblin skeletons (D:12)
  2 goblin zombies (D:12)
  A hobgoblin skeleton (D:12)
  5 hobgoblin zombies (D:12)
  7 kobolds
  A leopard gecko skeleton (D:8)
  13 orc zombies (D:12)
  A quokka skeleton (D:6)
  9 rats
  5 bushes (Lair:5)
  A fungus (Lair:4)
502 creatures vanquished.

Vanquished Creatures (collateral kills)
  A minotaur (Lab)
  Harold (Lair:2)
  3 hydras
  Erica (D:10)
  The ghost of GsBirdie the Destroyer, a novice DrFE of Okawaru (D:9)
  A two-headed ogre (D:9)
  Urug (D:11)
  Nergalle (Lair:2)
  A cyclops (D:11)
  2 ugly things
  11 elephants
  3 black mambas
  2 spiny frogs
  3 rime drakes
  A guardian mummy (D:14)
  A queen bee (D:8)
  2 trolls
  2 bog bodies (Lair:2)
  3 hippogriffs
  4 yaks (Lair:1)
  2 basilisks
  A hog (D:13)
  A hungry ghost (D:8)
  2 acid dragons (D:11)
  4 porcupines
  2 sky beasts
  5 water moccasins
  3 ogres
  An ice beast (D:6)
  4 orc warriors
  A phantom (D:7)
  A necrophage (D:7)
  A centaur (D:11)
  A crocodile (Lair:2)
  A big kobold (D:8)
  2 bullfrogs
  6 killer bees (D:8)
  2 howler monkeys
  A centaur zombie (D:6)
  A crimson imp (D:8)
  An iron imp (D:8)
  5 hounds
  2 orc priests
  6 orc wizards
  2 centaur skeletons
  An iguana (D:8)
  A hound zombie (D:10)
  A hound skeleton (D:10)
  2 worker ant zombies
  3 gnolls (D:6)
  An adder (D:6)
  2 shadow imps
  A worker ant simulacrum (D:10)
  24 orcs
  A quokka (D:6)
  2 hobgoblin zombies (D:8)
  4 kobolds
  2 kobold skeletons (D:8)
  3 kobold zombies (D:8)
  2 orc zombies (D:8)
153 creatures vanquished.

Vanquished Creatures (others)
  14 fungi
  22 plants
36 creatures vanquished.

Grand Total: 691 creatures vanquished

Notes
Turn   | Place    | Note
-------+----------+-------------------------------------------
     0 | D:1      | Nixze the Deep Elf Ice Elementalist began the quest for the
                  | Orb.
     0 | D:1      | Reached XP level 1. HP: 10/10 MP: 6/6
   105 | D:1      | Reached XP level 2. HP: 15/15 MP: 3/8
   166 | D:1      | Learned a level 2 spell: Throw Frost
   795 | D:1      | Reached skill level 4 in Spellcasting
   874 | D:2      | Found a shimmering altar of Xom.
   969 | D:2      | Reached XP level 3. HP: 19/19 MP: 7/10
  2165 | D:3      | Reached XP level 4. HP: 24/24 MP: 2/12
  2402 | D:3      | Learned a level 4 spell: Summon Ice Beast
  2407 | D:3      | Learned a level 4 spell: Throw Icicle
  2598 | D:4      | Got a pair of spiked gloves
  2618 | D:4      | Reached skill level 1 in Summonings
  2730 | D:4      | Reached XP level 5. HP: 20/28 MP: 7/14
  2733 | D:4      | Reached skill level 5 in Spellcasting
  3069 | D:4      | Learned a level 3 spell: Ozocubu's Armour
  3079 | D:4      | Found a stormy altar of Qazlal.
  3477 | D:4      | Reached skill level 5 in Ice Magic
  3531 | D:4      | Reached XP level 6. HP: 32/32 MP: 6/16
  3903 | D:5      | Entered Level 5 of the Dungeon
  3964 | D:5      | Reached skill level 1 in Charms
  4024 | D:5      | Identified the -4 pair of gloves of the Hare {MR+} (You
                  | found it on level 4 of the Dungeon)
  4756 | D:5      | Noticed a sky beast
  4762 | D:5      | Killed a sky beast
  5083 | D:5      | Reached skill level 6 in Spellcasting
  5083 | D:5      | Reached XP level 7. HP: 36/36 MP: 10/18
  5178 | D:5      | Found a hazy altar of Hepliaklqana.
  6199 | D:6      | Reached skill level 7 in Spellcasting
  6384 | D:6      | Found Reigairo's Armour Shoppe.
  6394 | D:6      | Bought the +2 cloak of the Thief {+Fog Slay-2 SInv Stlth+}
                  | for 221 gold pieces
  6394 | D:6      | Found the +2 cloak of the Thief {+Fog Slay-2 SInv Stlth+}
  6857 | D:6      | Reached skill level 5 in Conjurations
  6857 | D:6      | Reached XP level 8. HP: 41/41 MP: 4/21
  7733 | D:7      | Found a staircase to the Ecumenical Temple.
  7743 | D:6      | Learned a level 6 spell: Deflect Missiles
  7753 | Temple   | Entered the Ecumenical Temple
  7851 | Temple   | Became a worshipper of Vehumet
  8209 | D:7      | Reached skill level 1 in Air Magic
  8654 | D:7      | Reached skill level 8 in Spellcasting
  9165 | D:7      | Found a snail-covered altar of Cheibriados.
  9255 | D:7      | Found a deep blue altar of Sif Muna.
  9497 | D:8      | Reached * piety under Vehumet
  9497 | D:8      | Offered knowledge of Sandblast by Vehumet.
  9621 | D:8      | Found a sparkling altar of Nemelex Xobeh.
  9622 | D:8      | Got a polished arbalest
  9623 | D:8      | Identified the +11 arbalest "Yschyte" {flame, +Blink} (You
                  | found it on level 8 of the Dungeon)
  9715 | D:8      | Reached skill level 1 in Fighting
  9852 | D:8      | Reached XP level 9. HP: 44/47 MP: 1/23
  9996 | D:8      | Found a glowing golden altar of the Shining One.
 10421 | D:8      | Reached skill level 5 in Charms
 10594 | D:8      | Found a shadowy altar of Dithmenos.
 10595 | D:8      | Found a shattered altar of Ashenzari.
 10596 | D:8      | Found a basalt altar of Yredelemnul.
 10609 | D:8      | Found an iron altar of Okawaru.
 10851 | D:8      | Reached skill level 5 in Stealth
 10988 | D:8      | Offered knowledge of Sting by Vehumet.
 10988 | D:8      | Reached skill level 5 in Dodging
 10991 | D:8      | Learned a level 1 spell: Sting
 11031 | D:8      | Reached ** piety under Vehumet
 11225 | D:8      | Noticed a queen bee
 11235 | D:8      | Killed a queen bee
 12141 | D:9      | Noticed a troll
 12148 | D:9      | Killed a troll
 12281 | D:9      | Noticed a two-headed ogre
 12293 | D:9      | Killed a two-headed ogre
 12293 | D:9      | Reached XP level 10. HP: 56/56 MP: 0/24
 12294 | D:9      | Noticed a two-headed ogre
 12527 | D:9      | Found a runed gate.
 12527 | D:9      | Found a runed gate.
 12527 | D:9      | Found a runed gate.
 12528 | D:9      | Noticed GsBirdie's ghost (novice DrFE)
 12548 | D:9      | Killed GsBirdie's ghost
 13093 | D:9      | Learned a level 1 spell: Flame Tongue
 13098 | D:9      | Learned a level 4 spell: Sticky Flame
 13148 | D:9      | Killed a two-headed ogre
 13294 | D:9      | Offered knowledge of Ignite Poison by Vehumet.
 13333 | D:9      | Reached skill level 1 in Fire Magic
 13549 | D:9      | Found a glowing silver altar of Zin.
 13600 | D:9      | Reached skill level 9 in Spellcasting
 13682 | D:10     | Entered Level 10 of the Dungeon
 13906 | D:10     | Reached *** piety under Vehumet
 14444 | D:10     | Noticed Erica
 14460 | D:10     | Killed Erica
 14465 | D:10     | Reached skill level 1 in Shields
 15279 | D:11     | Noticed a white ugly thing
 15287 | D:11     | Killed a white ugly thing
 15400 | D:11     | Offered knowledge of Static Discharge by Vehumet.
 15513 | D:11     | Found a staircase to the Lair.
 15530 | D:11     | Noticed Urug
 15539 | D:11     | Killed Urug
 15698 | D:11     | Reached XP level 11. HP: 42/61 MP: 17/26
 16749 | Lair:1   | Entered Level 1 of the Lair of Beasts
 16776 | Lair:1   | Reached skill level 10 in Spellcasting
 16886 | Lair:1   | You fall through a shaft!
 17260 | Lair:2   | Noticed Nergalle
 17277 | Lair:2   | Killed Nergalle
 17277 | Lair:2   | Reached **** piety under Vehumet
 17392 | Lair:2   | Noticed Harold
 17430 | Lair:2   | Killed Harold
 17567 | Lair:2   | Offered knowledge of Dazzling Spray by Vehumet.
 17600 | Lair:1   | Noticed a six-headed hydra
 17624 | Lair:1   | Killed a six-headed hydra
 17626 | Lair:1   | Reached skill level 10 in Charms
 18127 | Lair:1   | Noticed an oklob plant
 18280 | Lair:1   | Reached skill level 5 in Fire Magic
 18280 | Lair:1   | Reached skill level 10 in Ice Magic
 18386 | Lair:1   | Learned a level 5 spell: Fireball
 18896 | Lair:2   | Got a warped ivory ring
 19265 | Lair:2   | Found a staircase to the Swamp.
 19794 | Lair:3   | Found a frozen archway.
 19800 | Lair:3   | Reached skill level 11 in Spellcasting
 19829 | Lair:3   | HP: 3/61 [ice devil (19)]
 20226 | Lair:3   | Found a staircase to the Snake Pit.
 20635 | Lair:3   | Noticed a seven-headed hydra
 20640 | Lair:3   | Killed a seven-headed hydra
 20928 | Lair:3   | Noticed a four-headed hydra
 20934 | Lair:3   | Reached XP level 12. HP: 66/66 MP: 14/29
 20939 | Lair:3   | Killed a four-headed hydra
 21267 | Lair:3   | Reached skill level 12 in Spellcasting
 21829 | Lair:3   | Learned a level 3 spell: Dazzling Spray
 22905 | Lair:4   | Identified a ring of Tusmire {Slay+3 SInv Stlth+} (You
                  | found it on level 2 of the Lair of Beasts)
 23428 | Lair:3   | Reached skill level 10 in Fire Magic
 24330 | Lair:4   | Reached ***** piety under Vehumet
 24330 | Lair:4   | Offered knowledge of Venom Bolt by Vehumet.
 24678 | Lair:5   | Noticed Nessos
 24688 | Lair:5   | Noticed a seven-headed hydra
 24913 | Lair:4   | Killed Nessos
 25041 | Lair:5   | Noticed a four-headed hydra
 25292 | Lair:5   | Killed a four-headed hydra
 25292 | Lair:5   | Reached XP level 13. HP: 72/72 MP: 16/31
 25751 | Lair:5   | Reached skill level 5 in Fighting
 27310 | Lair:5   | Reached skill level 13 in Spellcasting
 27320 | Lair:5   | Learned a level 5 spell: Venom Bolt
 27400 | Lair:5   | Found a staircase to the Slime Pits.
 27451 | Lair:6   | Entered Level 6 of the Lair of Beasts
 27963 | Lair:6   | Found a labyrinth entrance.
 27966 | Lab      | Entered a labyrinth
 31254 | Lab      | Noticed a minotaur
 31272 | Lab      | Killed a minotaur
 31503 | Lab      | Got a faintly glowing shortbow
 31503 | Lab      | Got a shadowed robe
 31726 | Lair:5   | Identified the +2 robe of Sixok {Int+6 Slay+2} (You found
                  | it in a labyrinth)
 33036 | Lair:6   | Reached skill level 10 in Conjurations
 33858 | Lair:6   | Reached skill level 14 in Spellcasting
 33994 | Lair:5   | Reached XP level 14. HP: 30/80 MP: 12/34
 35572 | Lair:6   | Learned a level 5 spell: Bolt of Magma
 35681 | Lair:1   | Noticed Gastronok
 35765 | Lair:1   | Killed Gastronok
 35765 | Lair:1   | Reached skill level 10 in Dodging
 36266 | D:12     | Found a staircase to the Orcish Mines.
 37795 | D:13     | Found a deep blue altar of Sif Muna.
 37873 | D:13     | Found Gumav's Assorted Antiques.
 37918 | D:13     | Bought a scroll labeled TEATTU KI FOLU for 25 gold pieces
 37918 | D:13     | Bought a scroll of teleportation for 75 gold pieces
 37918 | D:13     | Bought a scroll of identify for 50 gold pieces
 37918 | D:13     | Bought a potion of curing for 75 gold pieces
 37918 | D:13     | Bought a scroll of amnesia for 87 gold pieces
 37918 | D:13     | Bought a potion of heal wounds for 125 gold pieces
 37941 | D:13     | Noticed Kirke
 38540 | D:13     | Offered knowledge of Fulminant Prism by Vehumet.
 39014 | D:13     | Killed Kirke
 39498 | D:13     | Found a gate to the Vaults.
 39661 | D:14     | Found a portal to a secret trove of treasure.
 39673 | D:14     | Reached skill level 15 in Spellcasting
 41918 | D:14     | Found a portal to a secret trove of treasure.
 41991 | D:15     | Entered Level 15 of the Dungeon
 41998 | D:14     | Reached XP level 15. HP: 88/88 MP: 24/36
 43321 | D:15     | Found a hide-covered altar of Uskayaw.
 43321 | D:15     | Found a shimmering altar of Xom.
 43322 | D:15     | Found a stormy altar of Qazlal.
 43845 | D:15     | Found a staircase to the Depths.
 45286 | D:15     | HP: 2/89 [ice dragon/blast of cold (52)]
 45937 | D:15     | Killed from afar by a fire dragon

Skill      XL: |  1  2  3  4  5  6  7  8  9 10 11 12 13 14 15 |
---------------+----------------------------------------------+-----
Spellcasting   | 4 5 6 7 8 9 11 12 14 15 | 15.7
Ice Magic      | 4 5 6 7 8 9 10 | 10.0
Conjurations   | 2 3 5 6 8 10 11 12 | 12.2
Summonings     | 1 2 3 |  3.0
Charms         | 2 3 4 7 9 10 | 10.0
Stealth        | 4 6 7 8 |  8.0
Dodging        | 4 6 7 9 11 | 11.9
Air Magic      | 2 3 |  3.0
Fighting       | 1 3 4 6 8 |  8.5
Fire Magic     | 3 6 10 11 | 11.9
Shields        | 2 4 |  4.0

Action                   |  1- 3 |  4- 6 |  7- 9 | 10-12 | 13-15 || total
-------------------------+-------+-------+-------+-------+-------++-------
Melee: Dagger            |       |       |    30 |    47 |    13 ||    90
       Club              |       |       |     9 |       |       ||     9
       Morningstar       |       |       |       |       |    62 ||    62
 Fire: Blowgun           |     5 |     6 |       |       |       ||    11
 Cast: Freeze            |    55 |    40 |    85 |   196 |   140 ||   516
       Throw Frost       |    16 |    40 |   177 |   315 |   191 ||   739
       Summon Ice Beast  |       |     5 |    50 |   135 |    21 ||   211
       Throw Icicle      |       |       |    19 |     6 |   353 ||   378
       Sting             |       |       |     6 |       |       ||     6
       Flame Tongue      |       |       |       |    37 |    29 ||    66
       Deflect Missiles  |       |       |       |     1 |     1 ||     2
       Fireball          |       |       |       |    23 |    58 ||    81
       Dazzling Spray    |       |       |       |     1 |       ||     1
       Venom Bolt        |       |       |       |       |    61 ||    61
       Bolt of Magma     |       |       |       |       |    68 ||    68
 Abil: Evoke Fog         |       |       |     1 |       |       ||     1
Evoke: Wand              |       |       |       |     5 |       ||     5
  Use: Scroll            |       |       |       |    18 |    15 ||    33
       Potion            |       |       |       |     5 |     6 ||    11
  Eat: Chunk             |     4 |     8 |    21 |    17 |    38 ||    88
       Ration            |       |       |     4 |     7 |     8 ||    19
Armor: Robe              |    14 |     4 |    28 |     5 |     1 ||    52
       Steam dragon scal |       |       |       |    80 |   112 ||   192
Dodge: Dodged            |    26 |    18 |    99 |   231 |   346 ||   720
       Deflected         |       |       |       |    14 |    14 ||    28
Block: Buckler           |       |       |       |    74 |   165 ||   239
